 Dungeon Crawl Stone Soup version 0.22.0-38-g04b72b8 (webtiles) character file.

9322 Monsterracer the Cleaver (level 11, -10/99 HPs)
             Began as a Minotaur Ice Elementalist on Aug 30, 2018.
             Was a Follower of Elyvilon.
             Mangled by a two-headed ogre
             ... wielding a +0 giant club
              (12 damage)
             ... on level 10 of the Dungeon.
             The game lasted 00:18:03 (15330 turns).

Monsterracer the Cleaver (MiIE)                    Turns: 15330, Time: 00:18:04

Health: -10/99     AC: 19    Str: 11    XL:     11   Next: 21%
Magic:  10/13      EV:  5    Int:  7    God:    Elyvilon [*.....]
Gold:   654        SH: 10    Dex: 19    Spells: 12/12 levels left

rFire    + . .     SeeInvis .   b - +4 flail (protect)
rCold    + . .     Gourm    +   A - +0 shield
rNeg     . . .     Faith    .   C - +2 chain mail {rF+}
rPois    +         Spirit   .   (helmet restricted)
rElec    +         Reflect  .   (no cloak)
rCorr    .         Harm     .   D - +1 pair of gloves
MR       .....                  p - +2 pair of boots
Stlth    ..........             j - amulet of the gourmand
HPRegen  0.26/turn              E - ring of Gaavi {rElec rPois rC+ Str-5 Int-5 Dex+3}
MPRegen  0.13/turn              e - +5 ring of dexterity

@: no status effects
A: retaliatory headbutt, horns 2
a: Lesser Healing, Divine Protection, Renounce Religion


You were on level 10 of the Dungeon.
You worshipped Elyvilon.
Elyvilon was aware of your devotion.
You were not hungry.

You visited 3 branches of the dungeon, and saw 12 of its levels.
You also visited: Sewer.

You collected 690 gold pieces.
You spent 36 gold pieces at shops.

Inventory:

Hand Weapons
 a - a +0 war axe
 b - a +4 flail of protection (weapon)
Missiles
 i - 4 throwing nets (quivered)
Armour
 p - a +2 pair of boots (worn)
 A - a +0 shield (worn)
 C - a +2 chain mail of fire resistance (worn)
 D - a +1 pair of gloves (worn)
Jewellery
 e - a +5 ring of dexterity (right hand)
 j - an amulet of the gourmand (around neck)
 s - an uncursed ring of flight
 E - the ring of Gaavi (left hand) {rElec rPois rC+ Str-5 Int-5 Dex+3}
   (You found it on level 10 of the Dungeon)

   [ring of protection from cold]

   It affects your strength (-5).
   It affects your intelligence (-5).
   It affects your dexterity (+3).
   It protects you from cold.
   It insulates you from electricity.
   It protects you from poison.
Wands
 k - a wand of acid (16)
 q - a wand of flame (30)
 w - a wand of enslavement (8)
 B - a wand of iceblast (5)
Scrolls
 d - 2 scrolls of amnesia
 f - 8 scrolls of remove curse
 g - 4 scrolls of magic mapping {!r}
 x - 2 scrolls of teleportation {!r}
 y - a scroll of blinking
Potions
 h - 4 potions of might
 l - 4 potions of curing
 m - 3 potions of haste
 n - 2 potions of mutation {!q}
 o - 2 potions of lignification
 r - 3 potions of agility
 t - 2 potions of magic
 u - 5 potions of flight
 v - a potion of invisibility
 z - a potion of heal wounds
Comestibles
 c - 23 rations


   Skills:
 + Level 9.7 Fighting
 * Level 12.8 Axes
 + Level 8.9 Armour
 - Level 2.1 Dodging
 - Level 1.5 Stealth
 + Level 7.6 Shields
 - Level 1.3 Spellcasting
   Level 0.6 Conjurations
   Level 2.1 Ice Magic
 + Level 4.3 Invocations


You had 12 spell levels left.
You didn't know any spells.
Your spell library contained the following spells:

 Spells                   Type           Power        Failure   Level  Hunger
 Freeze                   Ice            #...         100%        1    ##.....
 Magic Dart               Conj           #...         100%        1    ##.....
 Shock                    Conj/Air       #...         100%        1    ##.....
 Blink                    Tloc           N/A          100%        2    ###....
 Call Imp                 Summ           #.......     100%        2    ###....
 Slow                     Hex            #.......     100%        2    ###....
 Swiftness                Chrm/Air       #.......     100%        2    ###....
 Throw Frost              Conj/Ice       #.....       100%        2    ###....
 Conjure Flame            Conj/Fire      #.......     100%        3    ####...
 Mephitic Cloud           Conj/Pois/Air  #.......     100%        3    ####...
 Ozocubu's Armour         Chrm/Ice       #.......     100%        3    ####...
 Static Discharge         Conj/Air       #.......     100%        3    ####...
 Airstrike                Air            #.........   100%        4    #####..
 Summon Ice Beast         Ice/Summ       #.......     100%        4    #####..
 Throw Icicle             Conj/Ice       #.......     100%        4    #####..
 Lightning Bolt           Conj/Air       #.........   100%        5    ######.


Dungeon Overview and Level Annotations

Branches:
Dungeon (10/15)            Temple (1/1) D:7            Lair (0/6) D:10
    Orc (1/2) D:10

Altars:
Ashenzari
Cheibriados
Dithmenos
Elyvilon
Fedhas
Gozag
Hepliaklqana
Kikubaaqudgha
Makhleb
Nemelex Xobeh
Okawaru
Qazlal
Ru
Sif Muna
Trog
Uskayaw
Vehumet
Wu Jian
Xom
Yredelemnul
Zin
The Shining One

Shops:
D:4 [   D:5 (   D:8 !

Annotations:
D:7 1 runed door, Bearstalker's ghost, novice MiFi
Orc:1 Erica


Innate Abilities, Weirdness & Mutations

You reflexively headbutt those who attack you in melee.
You have a pair of horns on your head.


Message History

You climb downwards.
Welcome back to the Orcish Mines!
Level annotation: Erica An orc warlord comes into view.
It is wielding a long sword of flaming.
The orc warlord shouts!
You block the warg's attack.
The orc high priest mumbles some strange prayers to Beogh.
The hellwing hits you but does no damage.
The hellwing hits you.
The orc warlord roars a battlecry!
The orcs go into a battle-frenzy!
The two-headed ogre hits you with a giant club!
The two-headed ogre hits you with a giant spiked club!
The warg bites you but does no damage. You block the hellwing's attack.
The hellwing hits you but does no damage.
There is a staircase back to the Dungeon, spattered with blood here.
You take 21 damage, and have 78/99 hp.
MASSIVE DAMAGE!!
You block the warg's attack.
The hellwing hits you but does no damage.
The hellwing barely misses you.
You climb upwards.
Welcome back to the Dungeon!
There is a staircase to the Orcish Mines, spattered with blood here.
Your +4 flail of protection hums with potential!
b - a +4 flail of protection (weapon)
The warg bites you!
You take 8 damage, and have 71/99 hp.
The two-headed ogre hits you with a giant club!
The two-headed ogre completely misses you.
Things that are here:
a trident; an orc corpse You take 15 damage, and have 56/99 hp.
The two-headed ogre hits you with a giant club!
* * * LOW HITPOINT WARNING * * *
You block the two-headed ogre's attack. You block the warg's attack.
You take 13 damage, and have 43/99 hp.
The warg bites you.
* * * LOW HITPOINT WARNING * * *
Items here: )) [[ † a plate armour; a scimitar; a chain mail; an enchanted scimitar; an orc corpse You thump the warg!
Your weapon exudes an aura of protection.
You headbutt the warg.
The warg is heavily wounded.
You block the warg's attack.
You sock the warg!
The warg is almost dead.
The warg bites you but does no damage. x2
You closely miss the warg.
The warg is almost dead.
The warg bites you but does no damage.
You hit the warg.
The warg is almost dead.
The warg bites you but does no damage.
You closely miss the warg.
The warg is almost dead.
The warg barely misses you. You furiously retaliate!
You headbutt the warg, but do no damage.
You hit the warg.
The warg is almost dead.
The warg bites you.
* * * LOW HITPOINT WARNING * * *
The warg bites you but does no damage.
You take 5 damage, and have 39/99 hp.
Your chain mail prevents you from hitting the warg.
The warg is almost dead.
The warg bites you but does no damage.
You hit the warg.
You kill the warg!
Your shield and chain mail prevent you from hitting the two-headed ogre.
Your headbutt misses the two-headed ogre.
The two-headed ogre hits you with a giant club.
* * * LOW HITPOINT WARNING * * *
The two-headed ogre hits you with a giant spiked club.
* * * LOW HITPOINT WARNING * * *
You take 4 damage, and have 36/99 hp.
You hit the two-headed ogre.
You headbutt the two-headed ogre, but do no damage.
The two-headed ogre is lightly wounded.
The two-headed ogre hits you with a giant club!
* * * LOW HITPOINT WARNING * * *
The two-headed ogre hits you with a giant spiked club!
* * * LOW HITPOINT WARNING * * *
You take 20 damage, and have 16/99 hp.
MASSIVE DAMAGE!!
Press: ? - help, Dir - move target cursor, f - two-headed ogre Heal: a two-headed ogre, wielding a giant club and a giant spiked club (lightly wounded)
The light of Elyvilon fails to reach the two-headed ogre.
You feel quite a bit more hungry.
The two-headed ogre hits you with a giant club.
* * * LOW HITPOINT WARNING * * *
The two-headed ogre hits you but does no damage.
You take 4 damage, and have 13/99 hp.
You now have 11/13 mp.
Press: ? - help, Dir - move target cursor, f/p - two-headed ogre Heal: a two-headed ogre, wielding a giant club and a giant spiked club (lightly wounded)
The light of Elyvilon fails to reach the two-headed ogre.
You feel quite a bit more hungry.
You can no longer heal and attempt to pacify others.
You now have 9/13 mp.
The two-headed ogre hits you with a giant club!
* * * LOW HITPOINT WARNING * * *
The two-headed ogre hits you with a giant spiked club!
You die...

#########......#.#........###
#..######.#.........(# #[##
#.##......##.# ##.#
#.###......#.. ####..# #.#
####.#.... #....## #.#
#.##..# #.#### #.# ####.##..#
###.###########.###.........
#.........O@........#....#..
###############.#####...###.
#.####...## ## #####....#...#
####......###...##
#....###.## ##...# #.#### #.#
#...##
#####.######.######...##
#.......^.......# ##...##


You could see a two-headed ogre.

Vanquished Creatures
  A two-headed ogre (D:9)
  Pikel (D:7)
  A komodo dragon (D:10)
  A hippogriff (D:10)
  Sigmund (D:5)
  A vampire (D:10)
  A wyvern (D:7)
  9 yaks (D:10)
  A hungry ghost (D:9)
  Menkaure (D:6)
  A warg (D:10)
  Edmund (D:3)
  A sky beast (D:9)
  Purgy (Sewer)
  2 ice beasts
  5 orc warriors
  3 necrophages
  2 slaves (D:7)
  4 ogres
  2 phantoms
  3 centaurs
  2 crocodiles
  2 big kobolds
  Blork the orc (D:4)
  6 bullfrogs
  2 gnoll sergeants (D:8)
  A troll zombie (D:9)
  9 wights (D:9)
  15 killer bees
  2 crimson imps
  A centaur zombie (D:9)
  A quasit (D:7)
  2 hounds
  4 jellies
  5 human zombies (D:9)
  A centaur skeleton (D:8)
  15 orc wizards
  2 bullfrog skeletons
  An iguana (D:5)
  4 orc priests
  4 worker ants
  4 hound zombies
  2 hound skeletons
  2 mummies (D:9)
  A worker ant zombie (D:9)
  Robin (D:4)
  15 gnolls
  14 adders
  2 river rats (D:6)
  4 shadow imps
  3 oozes
  3 adder skeletons
  A worm (D:2)
  A dart slug (D:2)
  9 leopard geckos
  41 orcs
  3 giant cockroaches
  17 goblins
  9 hobgoblins
  14 jackals
  4 quokkas
  3 ball pythons
  6 bats
  2 frilled lizards (D:4)
  16 kobolds
  An orc zombie (D:9)
  10 rats
311 creatures vanquished.

Vanquished Creatures (others)
  2 slaves (D:8)
  2 killer bees (D:8)
  A kobold (D:8)
  2 plants (D:10)
7 creatures vanquished.

Grand Total: 318 creatures vanquished

Notes
Turn   | Place    | Note
-------+----------+-------------------------------------------
     0 | D:1      | Monsterracer the Minotaur Ice Elementalist began the quest for the Orb.
     0 | D:1      | Reached XP level 1. HP: 14/14 MP: 1/1
     9 | D:1      | Reached skill level 1 in Fighting
   168 | D:1      | Reached XP level 2. HP: 24/24 MP: 3/3
   414 | D:1      | HP: 12/25 [kobold/club (3)]
   422 | D:1      | HP: 7/25 [goblin/club (2)]
   847 | D:1      | Reached XP level 3. HP: 31/31 MP: 4/4
  1313 | D:2      | HP: 10/31 [worm (6)]
  1853 | D:2      | Reached skill level 1 in Axes
  2420 | D:3      | Reached skill level 2 in Axes
  2420 | D:3      | Reached XP level 4. HP: 32/39 MP: 5/5
  2555 | D:3      | HP: 16/39 [orc priest/divine providence (13)]
  2567 | D:3      | HP: 8/39 [orc (1)]
  2893 | D:3      | Reached skill level 3 in Axes
  3075 | D:3      | HP: 19/39 [orc priest/divine providence (11)]
  3076 | D:3      | Reached skill level 4 in Axes
  3076 | D:3      | Reached XP level 5. HP: 22/45 MP: 6/6
  3539 | D:3      | Reached skill level 5 in Axes
  3757 | D:3      | HP: 23/46 [poisoned by a worker ant]
  3763 | D:3      | HP: 20/46 [poisoned by a worker ant]
  3770 | D:3      | HP: 18/46 [poisoned by a worker ant]
  3777 | D:3      | HP: 17/46 [poisoned by a worker ant]
  3785 | D:3      | HP: 16/46 [poisoned by a worker ant]
  4169 | D:4      | Reached skill level 1 in Armour
  4198 | D:4      | Reached XP level 6. HP: 49/52 MP: 7/7
  4371 | D:4      | Noticed Edmund
  4407 | D:4      | HP: 22/52 [Edmund/flail of protection (8)]
  4422 | D:4      | HP: 16/52 [Edmund/flail of protection (8)]
  4639 | D:4      | HP: 25/52 [worker ant (2)]
  4644 | D:4      | HP: 15/52 [poisoned by a worker ant]
  4649 | D:4      | HP: 11/52 [poisoned by a worker ant]
  4654 | D:4      | HP: 9/52 [poisoned by a worker ant]
  4655 | D:4      | Noticed Robin
  4661 | D:4      | HP: 7/52 [poisoned by a worker ant]
  4668 | D:4      | HP: 6/52 [poisoned by a worker ant]
  4676 | D:4      | HP: 6/52 [poisoned by a worker ant]
  4686 | D:4      | HP: 3/52 [Edmund/flail of protection (4)]
  5038 | D:3      | HP: 24/52 [Edmund/flail of protection (6)]
  5040 | D:3      | HP: 10/52 [Edmund/flail of protection (10)]
  5044 | D:3      | Killed Edmund
  5044 | D:3      | Reached skill level 6 in Axes
  5366 | D:4      | Reached XP level 7. HP: 43/60 MP: 8/8
  5520 | D:4      | Killed Robin
  5542 | D:4      | Reached skill level 7 in Axes
  5749 | D:4      | Found a radiant altar of Vehumet.
  5749 | D:4      | Found a burning altar of Makhleb.
  5754 | D:4      | Noticed Blork the orc
  5767 | D:4      | Killed Blork the orc
  5767 | D:4      | Reached skill level 5 in Fighting
  5825 | D:4      | Found Tyfuwyh's Antique Armour Shop.
  5916 | D:4      | HP: 30/61 [something (3)]
  6324 | D:5      | Entered Level 5 of the Dungeon
  6405 | D:5      | Reached skill level 8 in Axes
  6410 | D:5      | Reached XP level 8. HP: 69/69 MP: 9/9
  6563 | D:5      | Noticed Sigmund
  6599 | D:5      | Killed Sigmund
  6599 | D:5      | Reached skill level 5 in Armour
  6772 | D:5      | Found an ornate altar of the Wu Jian Council.
  6943 | D:5      | Found Xaosulu's Antique Weapon Emporium.
  6970 | D:5      | Found an iron altar of Okawaru.
  7150 | D:5      | Found a sparkling altar of Nemelex Xobeh.
  7162 | D:5      | Reached skill level 9 in Axes
  7820 | D:6      | Noticed Menkaure
  7826 | D:6      | HP: 36/73 [bullfrog (2)]
  7832 | D:6      | HP: 20/73 [??? (17)]
  7833 | D:6      | HP: 5/73 [Menkaure/nerve-wracking pain (7)]
  7837 | D:6      | Killed Menkaure
  7867 | D:6      | HP: 31/73 [jackal (1)]
  7940 | D:6      | Found a hazy altar of Hepliaklqana.
  7979 | D:6      | Reached XP level 9. HP: 54/79 MP: 10/10
  7993 | D:6      | Found a glowing drain.
  8009 | Sewer    | Entered a sewer
  8160 | Sewer    | Noticed Purgy
  8173 | Sewer    | Killed Purgy
  8462 | D:6      | Reached skill level 10 in Axes
  8472 | D:6      | HP: 39/79 [gnoll/spear (3)]
  9215 | D:7      | Found a runed door.
  9225 | D:7      | Noticed Bearstalker's ghost (novice MiFi)
  9599 | D:7      | Found a staircase to the Ecumenical Temple.
  9675 | Temple   | Entered the Ecumenical Temple
  9730 | Temple   | Became a worshipper of Elyvilon the Healer
  9976 | D:8      | Noticed Pikel
 10001 | D:7      | Killed Pikel
 10119 | D:8      | Reached skill level 5 in Shields
 10137 | D:7      | HP: 38/81 [killer bee (3)]
 10142 | D:7      | HP: 34/81 [poisoned by a killer bee]
 10147 | D:7      | HP: 31/81 [poisoned by a killer bee]
 10153 | D:7      | HP: 30/81 [poisoned by a killer bee]
 10159 | D:7      | HP: 29/81 [poisoned by a killer bee]
 10167 | D:7      | HP: 29/81 [poisoned by a killer bee]
 10769 | D:7      | HP: 40/81 [wyvern (2)]
 10771 | D:7      | Reached skill level 1 in Invocations
 10775 | D:7      | HP: 27/81 [wyvern (4)]
 10781 | D:7      | HP: 9/81 [wyvern (9)]
 10781 | D:7      | HP: 2/81 [wyvern (7)]
 11193 | D:8      | Reached skill level 11 in Axes
 11316 | D:8      | Reached XP level 10. HP: 89/89 MP: 11/11
 11624 | D:8      | Found Vofeemm's Distillery.
 11629 | D:8      | Bought a potion of lignification for 36 gold pieces
 11764 | D:9      | Reached * piety under Elyvilon
 11932 | D:9      | Found a basalt altar of Yredelemnul.
 12122 | D:9      | Found a stormy altar of Qazlal.
 13184 | D:10     | Entered Level 10 of the Dungeon
 13184 | D:10     | Noticed a two-headed ogre
 13196 | D:9      | Killed a two-headed ogre
 13196 | D:9      | Reached skill level 12 in Axes
 13289 | D:10     | Got a sparkling brass ring
 13291 | D:10     | Identified the ring of Gaavi {rElec rPois rC+ Str-5 Int-5 Dex+3} (You found it on level 10 of the Dungeon)
 13295 | D:10     | Reached ** piety under Elyvilon
 13392 | D:10     | Found a shattered altar of Ashenzari.
 13412 | D:10     | HP: 42/89 [vampire (10)]
 13420 | D:10     | HP: 26/89 [vampire (8)]
 13722 | D:10     | HP: 41/89 [vampire/vampiric draining (12)]
 14213 | D:10     | Reached XP level 11. HP: 69/97 MP: 12/12
 14480 | D:10     | Found a staircase to the Orcish Mines.
 14678 | D:10     | Found a staircase to the Lair.
 14746 | D:10     | HP: 41/97 [komodo dragon (19)]
 15064 | Orc:1    | Entered Level 1 of the Orcish Mines
 15065 | Orc:1    | Noticed an orc high priest
 15065 | Orc:1    | Noticed Erica
 15128 | Orc:1    | Noticed a two-headed ogre
 15295 | Orc:1    | Noticed an orc warlord
 15300 | D:10     | HP: 43/99 [two-headed ogre/giant club (14)]
 15311 | D:10     | HP: 39/99 [warg[an orc high priest] (5)]
 15315 | D:10     | HP: 16/99 [two-headed ogre/giant club (8)]
 15330 | D:10     | HP: 2/99 [two-headed ogre/giant club (14)]
 15330 | D:10     | Mangled by a two-headed ogre

Skill      XL: |  1  2  3  4  5  6  7  8  9 10 11 |
---------------+----------------------------------+-----
Fighting       | 2 3 4 5 7 8 9 |  9.7
Axes           | 2 4 5 6 8 9 11 12 | 12.8
Armour         | 1 2 4 6 7 8 |  8.9
Shields        | 5 7 |  7.6
Invocations    | 1 3 4 |  4.3
Dodging        | |  2.1
Stealth        | |  1.5
Spellcasting   | |  1.3
Conjurations   | |  0.6
Ice Magic      | |  2.1

Action                   |  1- 3 |  4- 6 |  7- 9 | 10-12 || total
-------------------------+-------+-------+-------+-------++-------
Melee: Unarmed           |     7 |       |       |       ||     7
       Whip              |    71 |       |       |       ||    71
       Headbutt          |     9 |    30 |    52 |   123 ||   214
       Quarterstaff      |    19 |       |       |       ||    19
       Hand axe          |    18 |   210 |       |       ||   228
       Flail             |       |    13 |   311 |   245 ||   569
       War axe           |       |       |   191 |   212 ||   403
Throw: Throwing net      |       |     6 |       |       ||     6
 Cast: Freeze            |     4 |       |       |       ||     4
Invok: Heal Other        |       |       |       |     4 ||     4
Evoke: Wand              |       |       |     1 |       ||     1
  Use: Scroll            |     7 |     2 |     9 |     5 ||    23
       Potion            |       |       |     1 |     1 ||     2
 Stab: Sleeping          |     1 |       |       |       ||     1
       Held in net/web   |       |     2 |       |       ||     2
  Eat: Chunk             |     4 |    15 |    24 |    12 ||    55
Armor: Robe              |    17 |       |       |       ||    17
       Scale mail        |    23 |    17 |       |       ||    40
       Chain mail        |       |    93 |   462 |   269 ||   824
Dodge: Dodged            |    77 |    74 |   204 |    73 ||   428
Block: Shield            |       |       |    84 |   218 ||   302

Vault maps used:
D:1:      tarquinn_simple_flora_water_f, kennysheep_small_spiral,
          nrook_loot_triangle
D:4:      grunt_temple_overflow_lords_of_destruction, serial_shops, shop,
          uniq_blork_the_orc, uniq_edmund, uniq_robin
D:5:      nicolae_overflow_crystal_walls, nicolae_overflow_hidden_temple,
          nemelex_xobeh_ov_fountains_minmay, serial_shops,
          nicolae_shop_temple_entry_statues_fountains, first_ration,
          st_stairs_10, chequers_big_river, kennysheep_crisscross, uniq_sigmund
D:6:      old_standard_altar, portal_sewer_entry_e, uniq_menkaure
D:7:      minmay_temple_entry_large_hall, ebering_ghost_inner_flame
D:8:      serial_shops, kennysheep_little_box, grunt_ogre_cave, uniq_pikel
D:9:      lemuel_mausoleum_altar_yredelemnul, kennysheep_mini_moat
D:10:     david_lair_shrubbed, orc_0_dummy, serial_curves, eino_curves_02,
          eino_curves_03, evilmike_ruin_ashenzari
Temple:   zaba_magenta_temple
Orc:1:    guppyfry_orc_lava_fort, uniq_erica
Sewer:    kennysheep_door_sewer
